 Dungeon Crawl Stone Soup version 0.26.1-11-gd32895ea62 (webtiles) character file.

Game seed: 18173816711220470574

16 ubername the Chiller (level 2, -2/19 HPs)
             Began as a Barachi Ice Elementalist on July 13, 2021.
             Killed from afar by a white imp (9 damage)
             ... with a puff of frost
             ... on level 2 of the Dungeon.
             The game lasted 00:01:38 (891 turns).

ubername the Chiller (Barachi Ice Elementalist)      Turns: 891, Time: 00:01:39

Health: -2/19      AC:  2    Str:  9    XL:     2   Next: 58%
Magic:  5/5        EV: 12    Int: 15    God:
Gold:   46         SH:  0    Dex: 12    Spells: 4/5 levels left

rFire    . . .     SeeInvis .   c - +0 short sword
rCold    . . .     Faith    .   (no shield)
rNeg     . . .     Spirit   .   a - +0 robe
rPois    .         Reflect  .   (no helmet)
rElec    .         Harm     .   (no cloak)
rCorr    .         Rampage  .   (no gloves)
Will     .....                  (no boots)
Stlth    ++........             (no amulet)
HPRegen  0.06/turn              (no ring)
MPRegen  0.09/turn              (no ring)

@: slow
A: +LOS, swims, slowness 1, strong legs 1
a: Hop


You were on level 2 of the Dungeon.
You visited 1 branch of the dungeon, and saw 2 of its levels.

You collected 46 gold pieces.

Inventory:

Hand Weapons
 c - a +0 short sword (weapon)
Missiles
 b - 50 stones
 d - 13 boomerangs (quivered)
 j - 27 sling bullets
Armour
 a - a +0 robe (worn)
Jewellery
 n - an uncursed ring of see invisible {unknown}
Scrolls
 e - a scroll of fear {unknown}
 f - 2 scrolls of identify {unknown}
 g - a scroll of blinking {unknown}
 i - a scroll of enchant weapon {unknown}
 k - a scroll of remove curse {unknown}
 l - a scroll of amnesia {unknown}
 m - a scroll of teleportation {unknown}
Potions
 h - a potion of might {unknown}


   Skills:
 + Level 0.2 Throwing
 + Level 2.3 Dodging
 + Level 1.9 Stealth
 + Level 2.3 Spellcasting
 + Level 5.4 Ice Magic


You had 4 spell levels left.
You knew the following spells:

 Your Spells              Type           Power        Failure   Level
a - Freeze                Ice            68%          2%          1

Your spell library contained the following spells:

 Spells                   Type           Power        Failure   Level
 Frozen Ramparts          Ice            34%          7%          3
 Ozocubu's Armour         Ice            17%          7%          3
 Hailstorm                Conj/Ice       9%           56%         4
 Summon Ice Beast         Ice/Summ       9%           56%         4


Dungeon Overview and Level Annotations

Branches:
Dungeon (2/15)

Altars:


Innate Abilities, Weirdness & Mutations

You can be seen from farther away. (+LOS)
You can swim through water.
You cover ground slowly.
You can hop short distances.


Message History

The puff of frost hits you!
Throw: 13 boomerangs
Press: ? - help, Q - select action, (/) - cycle Shift-Dir - straight line, f/p - white imp
Aim: a white imp (lightly wounded, 56% to hit)
You throw a boomerang.
The boomerang hits the white imp but does no damage.
The white imp is lightly wounded.
Throw: 13 boomerangs
Press: ? - help, Q - select action, (/) - cycle Shift-Dir - straight line, f/p - white imp
Aim: a white imp (lightly wounded, 56% to hit)
You throw a boomerang. The boomerang hits the white imp.
The white imp is heavily wounded.
The white imp gestures at you. The puff of frost hits you.
Found a stone staircase leading down.
The white imp gestures at you. The puff of frost misses you.
The white imp gestures at you. The puff of frost hits you!
You die...

#.#.....)#..
.....#...#.#
#......#.# #..#.....#
#...5#.#[#
#......#.#####.#
#....#.........#
#....#.#.########
....
#..@##..........#
....
#........######.#
......# ####........#
#.......#
#.........###
#.......# #.#.......#
#.......###.#.......#
#.# #.............#
#.# #.#...........#
#.# #...).........#


You could see a white imp.

Vanquished Creatures
  An ooze (D:2)
  A dart slug (D:1)
  A hobgoblin (D:2)
  2 kobolds (D:1)
  A bat (D:1)
  2 goblins (D:1)
  3 rats (D:1)
11 creatures vanquished.

Notes
Turn   | Place    | Note
-------+----------+-------------------------------------------
     0 | D:1      | ubername the Barachi Ice Elementalist began the quest for
                  | the Orb.
     0 | D:1      | Reached XP level 1. HP: 13/13 MP: 3/3
   234 | D:1      | Reached skill level 5 in Ice Magic
   453 | D:1      | Reached XP level 2. HP: 19/19 MP: 3/5
   891 | D:2      | Killed from afar by a white imp

Illustrated notes

Levels and vault maps discovered:
D:1:      evilmike_arrival_rings, layout_basic
D:2:      layout_basic, minmay_pentomino_p2

Skill      XL: |  1 |
---------------+----+-----
Ice Magic      | 5 |  5.4
Throwing       | |  0.2
Dodging        | |  2.3
Stealth        | |  1.9
Spellcasting   | |  2.3

Action                   || total
-------------------------++-------
Throw: Boomerang         ||    31
 Cast: Freeze            ||     6
Armor: Robe              ||     1
Dodge: Dodged            ||     6
